 Dungeon Crawl Stone Soup version 0.19.0-18-g426998a (webtiles) character file.

902 esc the Slasher (level 7, -5/94 HPs)
             Began as a Minotaur Chaos Knight on Nov 11, 2016.
             Engulfed by a cloud of flame (9 damage)
             ... on level 8 of the Dungeon.
             The game lasted 00:09:13 (2613 turns).

esc the Slasher (Minotaur Chaos Knight)             Turns: 2613, Time: 00:09:13

Health: -5/94      AC: 23    Str: 22    XL:     7   Next: 80%
Magic:  6/6        EV:  2    Int:  9    God:    Xom [.....*]
Gold:   256        SH:  0    Dex: 11    Spells: 0 memorised, 6 levels left

rFire  + . .     SeeInvis .     a - +1 falchion (chaos)
rCold  + + .     Gourm    .     (armour currently unavailable)
rNeg   + + +     Faith    .     (no shield)
rPois  +         Spirit   .     (helmet currently unavailable)
rElec  +         Reflect  .     (cloak currently unavailable)
rCorr  +         Harm     .     (gloves currently unavailable)
MR     +....     NoTele   +     (boots currently unavailable)
Stlth  +.........               (no amulet)
                                e - ring of protection from magic {MR+, !d}
                                t - ring of protection from cold {rC+, !d}

@: mighty, tree-form, resistant, cleaving
A: (retaliatory headbutt), (horns 0), repulsion field 1, (icy blue scales 0),
(cold resistance 0)
a: Renounce Religion


You were on level 8 of the Dungeon.
You worshipped Xom.
You were Xom's teddy bear.
You were not hungry.
You were a tree.
You visited 1 branch of the dungeon, and saw 7 of its levels.

You collected 256 gold pieces.

Inventory:

Hand Weapons
 a - a +1 falchion of chaos (weapon)
Missiles
 h - 7 poisoned needles
 p - 3 silver javelins (quivered)
 x - 4 tomahawks
Armour
 w - a +1 scale mail of positive energy (melded)
   (You took it off an orc on level 3 of the Dungeon)
 A - a +0 pair of gloves (melded)
   (You found it on level 3 of the Dungeon)
Jewellery
 e - a ring of protection from magic (right branch) {MR+, !d}
   (You found it on level 2 of the Dungeon)
 j - an uncursed ring of resist corrosion
   (You took it off an orc on level 4 of the Dungeon)
 t - a ring of protection from cold (left branch) {rC+, !d}
   (You found it on level 3 of the Dungeon)
Scrolls
 f - a scroll of enchant weapon
 l - a scroll of recharging
 o - a scroll of amnesia
 q - 2 scrolls of remove curse
Potions
 m - a potion of resistance
 u - a potion of invisibility {unknown}
 z - a potion of flight
Comestibles
 b - 13 chunks of flesh {@w0}
 c - 4 bread rations {@e1}
 g - 7 fruits
 n - a meat ration {@e2}
 v - a slice of pizza


   Skills:
 + Level 6.1 Fighting
 + Level 6.3 Long Blades
 + Level 5.9 Armour
 + Level 5.2 Dodging


You had 6 spell levels left.
You didn't know any spells.

Dungeon Overview and Level Annotations

Branches:
Dungeon (8/15)             Temple (0/1) D:5
   Lair: D:8-11

Altars:
Okawaru
Xom

Portals:
Ossuary: D:8

Annotations:
D:2 Sigmund
D:4 Arnot's ghost, amateur DDBe
D:5 Blork the orc


Innate Abilities, Weirdness & Mutations

((You reflexively headbutt those who attack you in melee.))
((You have a pair of horns on your head.))
You are surrounded by a mild repulsion field. (EV +2)
((You are partially covered in icy blue scales. (AC +2)))
((Your flesh is cold resistant. (rC+)))


Message History

You feel sick.
The big kobold hits you but does no damage.
You are more poisoned.
You fly downwards.
You hear the hiss of flowing sand.
There is an entrance to an ossuary on this level.
Hurry and find it before the portal is buried!
You feel sick. "Just a minor improvement..."
You are now Xom's teddy bear.
The adder barely misses you. The adder misses you.
You riposte.
You barely miss the adder. You closely miss the big kobold.
There is a stone staircase leading up here.
You take 1 damage, and have 14/62 hp.
Unknown command.
Unknown command.
Xom's power touches on a nearby monster.
The centaur seems to slow down.
The adder misses you.
You riposte.
You closely miss the adder.
The kobold throws a stone.
The stone closely misses you. The adder bites you but does no damage.
You see here a stone.
You feel sick.
You take 1 damage, and have 13/62 hp.
You feel sick.
You take 1 damage, and have 12/62 hp.
It was a potion of lignification.
You turn into a tree.
Your +0 pair of gloves melds into your body.
Your +1 scale mail of positive energy melds into your body.
You feel less protected from negative energy.
Your roots penetrate the ground.
The adder bites you but does no damage.
You now have 19/93 hp.
It was a potion of might.
You feel very mighty all of a sudden.
You feel sick.
The adder bites you but does no damage. x2
You take 1 damage, and have 18/93 hp.
You barely miss the adder. The adder bites you but does no damage.
You barely miss the adder.
You feel sick. The adder completely misses you.
You riposte.
You completely miss the adder.
You take 1 damage, and have 17/93 hp.
You barely miss the adder. The adder bites you but does no damage.
You completely miss the adder.
You feel sick.
The adder bites you but does no damage. x2
You take 1 damage, and have 17/93 hp.
You barely miss the adder.
The kobold's inner flame fades away.
The adder bites you but does no damage.
You miss the adder.
The centaur is no longer moving slowly.
The adder bites you.
* * * LOW HITPOINT WARNING * * *
You take 3 damage, and have 14/93 hp.
You slash the adder!
The adder is moving more slowly.
You feel sick. "Just a minor improvement..."
The adder bites you but does no damage. x2
You hit the adder.
The adder seems to speed up.
Xom calls forth mighty explosions.
The fireball engulfs the kobold.
The kobold dies!
The fireball engulfs the kobold.
The kobold dies!
The fireball engulfs the kobold.
The kobold dies!
The fireball engulfs the kobold.
The kobold dies!
The fireball engulfs the centaur.
The centaur explodes!
The fiery explosion engulfs the adder.
The adder explodes!
The fiery explosion engulfs you!
The fiery explosion engulfs the big kobold.
The big kobold explodes!
Your Fighting skill increases to level 6!
Your Dodging skill increases to level 5!
You die... "Oops, I didn't mean to do that!"
Xom tricks Death into leaving you alone.
You take 13 damage, and have 1/94 hp.
Okay, then.
Okay, then.
It was a potion of resistance.
You feel protected.
You are engulfed in roaring flames.
You resist.
It was a potion of curing.
You feel better.
You are engulfed in roaring flames.
You resist.
* * * LOW HITPOINT WARNING * * *
A kobold comes into view. It is wielding a short sword of venom.
You regained 4 hp, and now have 5/94 hp.
You feel better.
You are engulfed in roaring flames.
You resist.
* * * LOW HITPOINT WARNING * * *
The kobold shouts!
The kobold throws a stone.
The stone hits you but does no damage.
You regained 6 hp, and now have 11/94 hp.
You feel better.
You are engulfed in roaring flames.
You resist.
* * * LOW HITPOINT WARNING * * *
The kobold throws a stone.
The stone hits you but does no damage.
You take 7 damage, and have 4/94 hp.
It was a potion of mutation.
You feel extremely strange.
You begin to radiate repulsive energy.
Icy blue scales grow over part of your body.
You feel resistant to cold.
You are engulfed in roaring flames.
You resist.
You die...

..# #..............#
..# ##.#####.#(##..##
######...,,...#K##_.#
#...##..#*#####.##_.#
>....#..# #_...K_.#
#...##..#####.###§§§#
##.##....(._..# #§§§#
##....######..###§###
.........###....♣§#
########..___...###
#####.#### * #.# *
#.# * #.# * #.# **
#.# ,** *.#


You could see a kobold.

Vanquished Creatures
  2 centaurs
  2 big kobolds (D:8)
  2 bullfrogs (D:8)
  A crimson imp (D:5)
  A bullfrog zombie (D:5)
  2 orc wizards
  An orc priest (D:8)
  2 hounds
  An iguana (D:8)
  2 worker ants
  4 adders
  2 worms
  3 dart slugs (D:1)
  2 leopard geckos
  9 orcs
  7 bats
  4 giant cockroaches
  9 goblins
  5 hobgoblins
  4 jackals (D:1)
  2 quokkas
  13 frilled lizards
  14 kobolds
  5 rats
99 creatures vanquished.

Vanquished Creatures (others)
  A centaur (D:8)
  5 kobolds (D:8)
  5 toadstools (D:1)
11 creatures vanquished.

Grand Total: 110 creatures vanquished

Notes
Turn   | Place    | Note
-------+----------+-------------------------------------------
     0 | D:1      | esc the Minotaur Chaos Knight began the quest for the Orb.
     0 | D:1      | Reached XP level 1. HP: 19/19 MP: 0/0
    22 | D:1      | Reached XP level 2. HP: 24/27 MP: 1/1
    60 | D:1      | Reached skill level 2 in Dodging
   255 | D:1      | Reached XP level 3. HP: 33/33 MP: 2/2
   472 | D:1      | Reached skill level 3 in Armour
   555 | D:1      | Reached skill level 4 in Long Blades
   864 | D:2      | Noticed Sigmund
  1026 | D:3      | XOM: harmless Summ miscast
  1037 | D:3      | Reached XP level 4. HP: 34/40 MP: 3/3
  1084 | D:3      | Reached skill level 4 in Fighting
  1176 | D:3      | Reached skill level 3 in Dodging
  1668 | D:4      | Reached XP level 5. HP: 40/47 MP: 4/4
  1671 | D:4      | XOM: smoke on damage
  1690 | D:4      | Found an iron altar of Okawaru.
  1718 | D:4      | Reached skill level 4 in Armour
  2020 | D:4      | Noticed Arnot's ghost (amateur DDBe)
  2057 | D:5      | Entered Level 5 of the Dungeon
  2154 | D:5      | Noticed a centaur
  2162 | D:5      | Killed a centaur
  2162 | D:5      | Reached skill level 5 in Fighting
  2162 | D:5      | Reached skill level 5 in Long Blades
  2162 | D:5      | Reached XP level 6. HP: 33/56 MP: 5/5
  2168 | D:5      | Reached skill level 4 in Dodging
  2172 | D:5      | Found a staircase to the Ecumenical Temple.
  2248 | D:5      | Noticed Blork the orc
  2263 | D:5      | XOM: potion effect (agility)
  2268 | D:5      | You fall through a shaft for 3 floors!
  2268 | D:8      | XOM: noise
  2281 | D:8      | Reached skill level 5 in Armour
  2441 | D:8      | XOM: harmless Necr miscast
  2460 | D:8      | XOM: cleaving
  2462 | D:8      | Reached XP level 7. HP: 49/61 MP: 6/6
  2513 | D:8      | XOM: fog
  2539 | D:8      | Reached skill level 6 in Long Blades
  2544 | D:8      | Found a sand-covered staircase.
  2568 | D:8      | XOM: 3-stop teleportation journey
  2575 | D:8      | XOM: divination: detect creatures
  2588 | D:8      | HP: 15/62 [poisoned by a big kobold]
  2594 | D:7      | HP: 14/62 [poisoned by a big kobold]
  2595 | D:8      | XOM: scenery: create altars
  2596 | D:8      | XOM: enchant monster (good)
  2600 | D:8      | HP: 18/93 [poisoned by a big kobold]
  2606 | D:8      | HP: 14/93 [adder (3)]
  2607 | D:8      | XOM: scenery: create altars
  2608 | D:8      | Reached skill level 6 in Fighting
  2608 | D:8      | Reached skill level 5 in Dodging
  2608 | D:8      | XOM: destruction
  2610 | D:8      | HP: 5/94 [cloud of flame (4)]
  2613 | D:8      | Gained mutation: You are surrounded by a mild repulsion field. (EV +2) [potion of mutation]
  2613 | D:8      | Gained mutation: You are partially covered in icy blue scales. (AC +2) [potion of mutation]
  2613 | D:8      | Gained mutation: Your flesh is cold resistant. (rC+) [potion of mutation]
  2613 | D:8      | Engulfed by a cloud of flame

Skill      XL: |  1  2  3  4  5  6  7 |
---------------+----------------------+-----
Dodging        | 2 3 4 5 |  5.2
Armour         | 3 4 5 |  5.9
Long Blades    | 4 5 6 |  6.3
Fighting       | 4 5 6 |  6.1

Action                   |  1- 3 |  4- 6 |  7- 9 || total
-------------------------+-------+-------+-------++-------
Melee: Falchion          |    85 |    90 |    30 ||   205
       Headbutt          |    12 |    16 |     6 ||    34
Throw: Javelin           |       |     1 |       ||     1
  Use: Scroll            |       |     9 |     2 ||    11
       Potion            |       |       |     9 ||     9
 Stab: Paralysed         |     1 |       |       ||     1
       Confused          |       |     1 |       ||     1
  Eat: Chunk             |     1 |     4 |     1 ||     6
Armor: Leather armour    |    36 |     6 |       ||    42
       Scale mail        |       |    34 |    18 ||    52
       Skin              |       |       |    13 ||    13
Dodge: Dodged            |    59 |    59 |    30 ||   148
       Rpst.: Falchion   |    20 |    20 |    13 ||    53

Vault maps used:
D:1:      ldierk_walled_garden, minmay_heptomino_w4
D:2:      first_bread, st_stairs_14, kennysheep_decorative_pillar, uniq_sigmund
D:4:      overflow_temple_1_default
D:5:      basic_altar, uniq_blork_the_orc
D:7:      nicolae_ru_great_annihilating_truth, lightli_temple_of_fire,
          nicolae_dithmenos_shadow_blocks, minitemple
D:8:      nicolae_ossuary_entry_plus, grunt_ogre_cave,
          hangedman_abyss_or_decor_clamps

Table legend:
 A = Turns spent in this place as a percentage of turns spent in the entire game.
 B = Non-inter-level travel turns spent in this place as a percentage of non-inter-level travel turns spent in the entire game.
 C = Inter-level travel turns spent in this place as a percentage of turns spent in this place.
 D = Turns resting spent in this place as a percentage of non-inter-level travel turns spent in this place.
 E = Turns spent auto-exploring this place as a percentage of non-inter-level travel turns spent in this place.
 F = Non-inter-level travel turns spent in this place divided by the number of levels of this place that you've seen.
                   A       B       C       D       E      F
               +-------+-------+-------+-------+-------+----------------------
         Total | 100.0 | 100.0 |   0.3 |   1.3 |   8.3 | 147.9
       Dungeon | 100.0 | 100.0 |   0.3 |   1.3 |   8.3 | 147.9
               +-------+-------+-------+-------+-------+----------------------

Table legend:
 A = Kills in this place as a percentage of kills in entire the game.
 B = Kills by you in this place as a percentage of kills by you in the entire game.
 C = Kills by friends in this place as a percentage of kills by friends in the entire game.
 D = Other kills in this place as a percentage of other kills in the entire game.
 E = Experience gained in this place as a percentage of experience gained in the entire game.
 F = Experience gained in this place divided by the number of levels of this place that you have seen.
                   A       B       C       D       E      F
               +-------+-------+-------+-------+-------+----------------------
         Total | 100.0 | 100.0 |  -nan | 100.0 | 100.0 | 184.1
       Dungeon | 100.0 | 100.0 |  -nan | 100.0 | 100.0 | 184.1
               +-------+-------+-------+-------+-------+----------------------
